 Dungeon Crawl Stone Soup version 0.27-a0-679-g77a6b55cf3 (webtiles) character file.

Game seed: 12030944554237422408

16 lauthentik the Chopper (level 2, -3/27 HPs)
             Began as a Hill Orc Monk on Mar 18, 2021.
             Slain by Sigmund
             ... wielding a +0 scythe
              (7 damage)
             ... on level 2 of the Dungeon.
             The game lasted 00:06:13 (1424 turns).

lauthentik the Chopper (Hill Orc Monk)              Turns: 1424, Time: 00:06:13

Health: -3/27      AC:  2    Str: 13    XL:     2   Next: 58%
Magic:  2/2        EV: 12    Int: 10    God:
Gold:   81         SH:  0    Dex: 13    Spells: 1/1 levels left

rFire    . . .     SeeInvis .   a - +0 hand axe
rCold    . . .     Faith    .   (no shield)
rNeg     . . .     Spirit   .   b - +0 robe
rPois    +         Reflect  .   (no helmet)
rElec    .         Harm     .   (no cloak)
rCorr    .         Rampage  .   (no gloves)
Will     .....                  (no boots)
Stlth    ++........             (no amulet)
HPRegen  0.09/turn              l - ring of poison resistance
MPRegen  0.08/turn              (no ring)

@: no status effects
A: no striking features
a: no special abilities


You were on level 2 of the Dungeon.
You visited 1 branch of the dungeon, and saw 2 of its levels.

You collected 81 gold pieces.

Inventory:

Hand Weapons
 a - a +0 hand axe (weapon)
 j - a +2 hunting sling of freezing
Missiles
 f - 47 bolts
 k - 11 stones
Armour
 b - a +0 robe (worn)
Magical Staves
 d - a staff of earth
Jewellery
 l - a ring of poison resistance (right hand)
Scrolls
 e - a scroll of teleportation {unknown}
 g - 2 scrolls of identify {unknown}
 h - a scroll of fear {unknown}
 i - a scroll of acquirement {unknown}
 m - a scroll of summoning {unknown}


   Skills:
 + Level 4.0 Fighting
 + Level 4.3 Axes
 + Level 2.6 Dodging
 + Level 1.6 Stealth


You had one spell level left.
You didn't know any spells.
Your spell library was empty.

Dungeon Overview and Level Annotations

Branches:
Dungeon (2/15)

Altars:
Cheibriados

Shops:
D:1 *

Annotations:
D:2 Sigmund


Message History

Press: ? - help, Q - select action, (/) - cycle Shift-Dir - straight line, f/p - Sigmund
Aim: Sigmund, wielding a +0 scythe and wearing a +0 robe (lightly wounded, 58% to hit)
You shoot a stone. The stone hits Sigmund.
The stone freezes Sigmund.
Sigmund is moderately wounded.
Sigmund asks, "Do you like me?"
Throw: throwing net
Press: ? - help, Shift-Dir - straight line, f/p - Sigmund
Aim: Sigmund, wielding a +0 scythe and wearing a +0 robe (moderately wounded, 55% to hit)
You throw a throwing net. The throwing net hits Sigmund.
Sigmund is caught in the net!
Sigmund is moderately wounded.
Sigmund struggles against the net.
Sigmund struggles against the net.
Your +2 hunting sling of freezing stops glowing.
a - a +0 hand axe (weapon)
The giant cockroach barely misses you.
You catch the helpless Sigmund completely off-guard!
You hit Sigmund.
Sigmund is moderately wounded.
You hit the giant cockroach. The giant cockroach misses you.
Sigmund struggles against the net.
You hit Sigmund.
Sigmund is heavily wounded.
You closely miss the giant cockroach. The giant cockroach bites you.
Sigmund gestures at himself while chanting.
Sigmund flickers and vanishes!
Deactivating autopickup; reactivate with Ctrl-A.
Something wriggles in the net.
The giant cockroach misses you.
You hit something.
You hit the giant cockroach but do no damage.
The giant cockroach bites you but does no damage.
You hit something. You hit the giant cockroach.
Something wriggles in the net.
All of a sudden the net rips apart!
The giant cockroach barely misses you.
You hit something but do no damage. You closely miss the giant cockroach.
Something hits you! The giant cockroach bites you.
You hit something but do no damage. You barely miss the giant cockroach.
The giant cockroach barely misses you. Something hits you!
* * * LOW HITPOINT WARNING * * *
The giant cockroach barely misses you. Something hits you!
You die...

### #................#
....##...............>#
...........#..........#
._.....)...#.[........#
...........#........
##...........###'#+#
#......#'#### .#
######.#'######..
#...@......#
#...B{.....#
#..<.......#
#......(...#
#)......([.#
##.........#
#.........# ..........#


You could see a giant cockroach.

Vanquished Creatures
  3 goblins
  2 hobgoblins
  2 jackals (D:1)
  2 bats
  A frilled lizard (D:1)
  2 kobolds
  3 rats
15 creatures vanquished.

Notes
Turn   | Place    | Note
-------+----------+-------------------------------------------
     0 | D:1      | lauthentik the Hill Orc Monk began the quest for the Orb.
     0 | D:1      | Reached XP level 1. HP: 19/19 MP: 1/1
   646 | D:1      | Reached XP level 2. HP: 18/27 MP: 2/2
   738 | D:1      | Found Gufoez's Assorted Antiques.
  1012 | D:2      | Noticed Sigmund
  1406 | D:2      | Found a snail-covered altar of Cheibriados.
  1424 | D:2      | Slain by Sigmund

Illustrated notes

Levels and vault maps discovered:
D:1:      co_arrival_random_square_maze, layout_basic, serial_shops, shop
D:2:      layout_basic, cheibriados_altar_1, uniq_crazy_yiuf_cottage,
          uniq_sigmund

Skill      XL: |  1  2 |
---------------+-------+-----
Fighting       | 4 |  4.0
Axes           | |  4.3
Dodging        | |  2.6
Stealth        | |  1.6

Action                   || total
-------------------------++-------
Melee: Hand axe          ||    46
 Fire: Hunting sling     ||     5
Throw: Throwing net      ||     1
  Use: Potion            ||     2
 Stab: Sleeping          ||     3
       Held in net/web   ||     1
Armor: Robe              ||     5
Dodge: Dodged            ||    32

Table legend: (Time is in decaauts)
 A = Elapsed time spent in this place.
 B = Non-inter-level travel time spent in this place.
 C = Inter-level travel time spent in this place.
 D = Time resting spent in this place.
 E = Time spent auto-exploring this place.
 F = Levels seen in this place.
 G = Mean time per level.
                   A        B        C        D        E       F      G
               +--------+--------+--------+--------+--------+-----+--------+
         Total |   1427 |   1394 |     33 |    160 |   1014 |   2 |  713.5 |
       Dungeon |   1427 |   1394 |     33 |    160 |   1014 |   2 |  713.5 |
               +--------+--------+--------+--------+--------+-----+--------+

Top non-repeatable levels by time:
     D:1: 1058 daAuts
     D:2: 369 daAuts
